 Dungeon Crawl Stone Soup version 0.20-a0-1020-g7b9e4fe (webtiles) character file.

150 Monsterracer the Gusty (level 5, -1/28 HPs)
             Began as a Tengu Air Elementalist on Apr 18, 2017.
             Killed from afar by Blork the orc (10 damage)
             ... with a puff of flame
             ... on level 4 of the Dungeon.
             The game lasted 00:07:14 (2587 turns).

Monsterracer the Gusty (Tengu Air Elementalist)     Turns: 2587, Time: 00:07:15

Health: -1/28      AC:  3    Str:  6    XL:     5   Next: 32%
Magic:  10/10      EV: 13    Int: 16    God:
Gold:   72         SH:  0    Dex: 15    Spells: 4/10 levels left

rFire    . . .     SeeInvis .   k - staff of poison
rCold    . . .     Gourm    .   (no shield)
rNeg     . . .     Faith    .   a - +0 robe
rPois    +         Spirit   .   (helmet restricted)
rElec    .         Reflect  .   (no cloak)
rCorr    .         Harm     .   (no gloves)
MR       .....                  (boots unavailable)
Stlth    ++........             (no amulet)
Regen    0.1/turn               (no ring)
MPRegen  0.2/turn               (no ring)

@: no status effects
A: beak, talons 3, poison resistance, shaggy fur 1, weak 1, able to fly 1,
sturdy frame 1
a: Fly


You were on level 4 of the Dungeon.
You were hungry.

You visited 1 branch of the dungeon, and saw 4 of its levels.

You collected 72 gold pieces.

Inventory:

Armour
 a - a +0 robe (worn)
Magical Staves
 k - an uncursed staff of poison (weapon)
Scrolls
 d - 3 scrolls of teleportation {unknown}
 e - a scroll of noise {unknown}
 g - 2 scrolls of immolation {unknown}
 h - 2 scrolls of magic mapping {unknown}
 i - a scroll of amnesia {unknown}
 j - a scroll of identify {unknown}
Potions
 f - 2 potions of curing
 m - a potion of heal wounds {unknown}
Books
 b - a book of Air

   Spells                             Type                      Level
   a - Shock                          Conjuration/Air              1
   b - Swiftness                      Charms/Air                   2
   c - Static Discharge               Conjuration/Air              3
   d - Airstrike                      Air                          4
   e - Lightning Bolt                 Conjuration/Air              5
Comestibles
 c - a bread ration
 l - a meat ration


   Skills:
   Level 0.2(1.0) Maces & Flails
 + Level 1.4(1.5) Staves
 - Level 2.1 Dodging
 - Level 2.0 Stealth
 + Level 3.0 Spellcasting
 * Level 3.7 Conjurations
 * Level 5.4 Air Magic


You had 4 spell levels left.
You knew the following spells:

 Your Spells              Type           Power        Failure   Level  Hunger
a - Shock                 Conj/Air       ###.         3%          1    #......
b - Swiftness             Chrm/Air       ##......     12%         2    ##.....
c - Static Discharge      Conj/Air       ###.....     12%         3    ###....


Dungeon Overview and Level Annotations

Branches:
Dungeon (3/15)

Altars:
Gozag
Makhleb

Annotations:
D:4 Blork the orc, Menkaure


Innate Abilities, Weirdness & Mutations

You have a beak for a mouth.
You have claws for feet.
You can fly.
Your system is resistant to poisons. (rPois)
You are covered in fur. (AC +1)
You are weak. (Str -2)
Your movements are slightly less encumbered by armour. (ER -2)


Message History

Blork the orc and Menkaure come into view.
Blork the orc is wielding a halberd of protection.
Blork the orc shouts!
Blork the orc gestures at you while chanting.
The puff of flame hits you!
Blork the orc casts a cantrip, but nothing happens.
Blork the orc points at you and mumbles some strange words.
The puff of flame hits you!
Found a smoky silvery potion.
Found a scale mail.
m - a smoky silvery potion You start resting.
You are feeling hungry.
You start resting.
Blork the orc hits you from afar with a halberd of protection!
Ouch! That really hurt!
* * * LOW HITPOINT WARNING * * *
Blork the orc casts a spell at you. The puff of flame hits you!
You die...

#....[..###
#.#
#..........
##.###
#...#...###
......
#.......#
##.###
#..o....#
..#
#.##.####
#. #. #.#
#. #.# #.
#@#
#........
#######
###..###.
.......
....
.......
.###
####### .#
# #.. #..


You could see Blork the orc.

Vanquished Creatures
  A worker ant (D:4)
  4 gnolls
  5 adders (D:2)
  3 dart slugs
  4 giant cockroaches (D:2)
  8 goblins
  A hobgoblin (D:2)
  A quokka (D:2)
  4 bats
  3 frilled lizards (D:2)
  5 kobolds
  6 rats
45 creatures vanquished.

Notes
Turn   | Place    | Note
-------+----------+-------------------------------------------
     0 | D:1      | Monsterracer the Tengu Air Elementalist began the quest for the Orb.
     0 | D:1      | Reached XP level 1. HP: 10/10 MP: 4/4
   412 | D:1      | Gained mutation: Your magical capacity is low. (-10% MP) [potion of mutation]
   412 | D:1      | Gained mutation: You have a somewhat thin skeletal structure. (Dex +2, Stealth) [potion of mutation]
   412 | D:1      | Gained mutation: You evolve. [potion of mutation]
   455 | D:1      | Reached XP level 2. HP: 15/15 MP: 2/5
   490 | D:1      | Learned a level 2 spell: Swiftness
   498 | D:1      | You fall through a shaft!
   845 | D:1      | Lost mutation: You evolve. [potion of mutation]
   845 | D:1      | Lost mutation: You have a somewhat thin skeletal structure. (Dex +2, Stealth) [potion of mutation]
   845 | D:1      | Lost mutation: Your magical capacity is low. (-10% MP) [potion of mutation]
   845 | D:1      | Gained mutation: You are covered in fur. (AC +1) [potion of mutation]
   845 | D:1      | Gained mutation: Your movements are slightly less encumbered by armour. (ER -2) [potion of mutation]
   845 | D:1      | Gained mutation: You are weak. (Str -2) [potion of mutation]
   845 | D:1      | Gained mutation: Your system is resistant to poisons. (rPois) [potion of mutation]
   852 | D:1      | Reached XP level 3. HP: 19/19 MP: 0/7
   860 | D:1      | Learned a level 3 spell: Static Discharge
  1354 | D:2      | Found a burning altar of Makhleb.
  1596 | D:2      | Reached skill level 5 in Air Magic
  1596 | D:2      | Reached XP level 4. HP: 24/24 MP: 2/8
  1867 | D:2      | Found an opulent altar of Gozag.
  2111 | D:3      | Reached skill level 1 in Staves
  2140 | D:2      | Gained mutation: You can fly. [Tengu growth]
  2140 | D:2      | Reached XP level 5. HP: 24/28 MP: 2/10
  2232 | D:2      | You fall through a shaft for 2 floors!
  2489 | D:4      | Noticed Blork the orc
  2489 | D:4      | Noticed Menkaure
  2587 | D:4      | Killed from afar by Blork the orc

Vault maps used:
D:1:      minmay_arrival_semitransparent, minmay_pentomino_u2
D:2:      lemuel_round_altar, lemuel_round_altar
D:3:      nicolae_overflow_hidden_temple, uniq_crazy_yiuf_cottage, uniq_jessica
D:4:      uniq_blork_the_orc, uniq_robin, uniq_sigmund, uniq_pikel,
          uniq_menkaure

Skill      XL: |  1  2  3  4  5 |
---------------+----------------+-----
Conjurations   | 2 3 |  3.7
Air Magic      | 5 |  5.4
Staves         | 1 |  1.4
Spellcasting   | 3 |  3.0
Maces & Flails | |  0.2
Dodging        | |  2.1
Stealth        | |  2.0

Action                   |  1- 3 |  4- 6 || total
-------------------------+-------+-------++-------
Melee: Mace              |     6 |       ||     6
       Staff             |     6 |     1 ||     7
       Kick              |     4 |     1 ||     5
       Peck              |     1 |       ||     1
 Cast: Shock             |    52 |    28 ||    80
       Static Discharge  |       |     6 ||     6
       Swiftness         |       |     1 ||     1
  Use: Potion            |     5 |       ||     5
 Stab: Sleeping          |     1 |       ||     1
  Eat: Chunk             |     3 |     3 ||     6
Armor: Robe              |     5 |     1 ||     6
Dodge: Dodged            |    14 |     9 ||    23
